Map: Hecate LE

Players

Aerisky

  • Race: Protoss Protoss
  • League: Diamond
  • Spawn Location: 7:00

SubN - Winner!

  • Race: Zerg Zerg
  • League: Diamond
  • Spawn Location: 1:00

VOD

Have the link to the VOD?

Description

Time

  • Played on: Dec. 23, 2023, 11:56 p.m.
  • Length: 9:45
Show
View Real Time Build Order
Export as new Build Order

Aerisky Protoss 

Build Orders: 1 Gate Expand, Oracle Opening, Zealot Archon 

Get SALT Encoding   

  12  0:00  Probe  
  13  0:12  Probe  
  14  0:20  Pylon  
  14  0:24  Probe  
  15  0:38  Probe (Chrono Boost)  
  15  0:39  Gateway  
  16  0:46  Assimilator  
  16  0:54  Probe (Chrono Boost)  
  17  1:05  Probe  
  18  1:17  Probe  
  19  1:29  Probe  
  20  1:35  Nexus  
  20  1:38  Cybernetics Core  
  20  1:45  Pylon  
  20  1:50  Assimilator  
  20  1:51  Probe  
  21  2:03  Probe  
  22  2:12  Adept (Chrono Boost)  
  24  2:16  Probe  
  26  2:31  Gateway  
  26  2:36  Stargate  
  26  2:38  Stalker (Chrono Boost)  
  27  2:46  Probe  
  27  2:49  Probe  
  29  2:58  Probe  
  30  3:01  Probe  
  31  3:21  Oracle (Chrono Boost)  
  31  3:22  Probe  
  31  3:23  Probe  
  36  3:34  Probe  
  36  3:35  Probe  
  38  3:47  Nexus  
  38  3:49  Oracle (Chrono Boost)  
  38  3:51  Pylon, Probe x2  
  43  4:00  Twilight Council  
  43  4:02  Forge  
  43  4:04  Probe x2  
  43  4:07  Assimilator  
  45  4:23  Probe x2  
  47  4:35  Probe x2  
  46  5:03  Probe x2  
  46  5:06  Protoss Ground Weapons Level 1 (Chrono Boost)  
  48  5:08  Blink (Chrono Boost)  
  48  5:09  Assimilator  
  48  5:16  Warp Gate (Chrono Boost)  
  48  5:21  Gateway  
  48  5:25  Gateway x2  
  48  5:27  Gateway, Probe x2  
  50  5:30  Gateway x2  
  50  5:31  Pylon  
  50  5:39  Pylon, Probe  
  51  5:57  Templar Archives  
  51  6:01  Pylon  
  51  6:04  Pylon  
  51  6:08  Pylon  
  51  6:50  High Templar x4  
  51  6:51  High Templar  
  61  6:55  Stalker  
  61  6:56  Archon x2  
  61  6:57  Charge (Chrono Boost)  
  63  7:19  High Templar  
  65  7:23  Archon  
  65  7:24  Stalker  
  65  7:25  Zealot x6  
  65  7:27  Probe x2  
  81  7:32  Nexus  
  81  7:35  Pylon  
  81  7:49  High Templar x2  
  81  7:50  Zealot x4  
  93  7:53  Archon  
  93  7:54  Zealot x2  
  97  8:00  Pylon  
  97  8:02  Pylon  
  97  8:04  Pylon  
  97  8:13  Zealot x2  
  97  8:18  Zealot x4  
  109  8:21  Psionic Storm, Zealot x2  
  83  9:07  Zealot x3  
  83  9:08  Zealot x5  
  88  9:30  Zealot  
  88  9:31  Zealot x7  
Show
View Real Time Build Order
Export as new Build Order

SubN Zerg - Winner!

Build Orders: Hatch First 

Get SALT Encoding   

  12  0:00  Drone  
  13  0:12  Overlord  
  13  0:18  Drone  
  14  0:30  Drone x2  
  16  0:49  Hatchery  
  15  0:53  Drone  
  15  0:55  Drone  
  17  0:58  Drone  
  17  1:01  Extractor  
  17  1:15  Spawning Pool  
  16  1:29  Drone x3  
  19  1:40  Drone  
  20  1:51  Overlord  
  20  2:02  Queen x2  
  26  2:08  Drone x2  
  26  2:16  Metabolic Boost  
  26  2:19  Drone x2  
  29  2:22  Drone  
  29  2:25  Drone  
  30  2:41  Hatchery  
  29  2:47  Queen  
  29  2:48  Drone  
  29  2:50  Drone  
  33  2:55  Overlord  
  33  3:01  Overlord  
  31  3:23  Drone x8  
  31  3:25  Queen  
  41  3:44  Drone x2  
  41  3:45  Drone  
  44  3:50  Overlord x2  
  44  4:02  Zergling x12  
  50  4:12  Spore Crawler  
  49  4:21  Spore Crawler  
  48  4:26  Drone, Spore Crawler  
  48  4:27  Drone x10  
  58  4:41  Overlord  
  58  4:42  Overlord x2  
  58  4:51  Overlord  
  58  4:52  Overlord  
  58  4:58  Queen  
  57  5:04  Drone  
  57  5:05  Drone x2  
  57  5:06  Drone x7  
  66  5:13  Extractor  
  65  5:15  Extractor  
  65  5:16  Extractor x2  
  65  5:17  Zergling x2  
  65  5:21  Drone x4  
  67  5:26  Queen  
  69  5:33  Drone x3  
  69  5:34  Drone x3, Queen  
  77  5:44  Baneling Nest  
  77  5:47  Drone x2, Evolution Chamber  
  77  5:49  Evolution Chamber  
  76  5:51  Drone  
  76  5:52  Drone x3, Extractor  
  76  5:54  Lair  
  76  5:56  Drone  
  80  6:03  Hatchery  
  79  6:08  Drone x2  
  79  6:09  Drone x2  
  83  6:13  Drone x2  
  83  6:14  Zerg Melee Weapons Level 1  
  83  6:16  Hatchery, Zerg Missile Weapons Level 1  
  84  6:31  Overlord x2  
  84  6:33  Zergling x16  
  84  6:34  Zergling x2  
  84  6:39  Spore Crawler  
  92  6:58  Drone x7  
  92  6:59  Drone x4  
  103  7:02  Centrifugal Hooks  
  103  7:07  Drone  
  104  7:09  Hydralisk Den  
  104  7:13  Overlord  
  104  7:15  Overlord  
  103  7:17  Overlord  
  103  7:19  Queen  
  105  7:26  Zergling x2  
  105  7:27  Zergling x12  
  105  7:29  Baneling x9  
  112  7:30  Baneling x10  
  112  7:39  Drone x3  
  112  7:40  Extractor  
  112  7:41  Drone x3, Extractor  
  112  7:42  Drone x3  
  112  7:43  Drone x4  
  112  7:44  Queen  
  123  7:46  Muscular Augments  
  123  7:48  Overlord  
  125  8:02  Hydralisk x10, Spore Crawler  
  125  8:03  Hydralisk x2  
  148  8:08  Overseer  
  148  8:22  Pneumatized Carapace  
  148  8:25  Hydralisk  
  148  8:26  Hydralisk x3  
  156  8:28  Overlord x2  
  156  8:29  Overlord x4  
  156  8:33  Extractor  
  155  8:34  Hatchery  
  155  8:37  Spine Crawler  
  155  8:39  Hydralisk, Infestation Pit  
  155  8:40  Hydralisk  
  156  8:50  Grooved Spines  
  132  9:00  Hydralisk x2  
  132  9:01  Hydralisk x8  
  136  9:04  Zergling x20  
  136  9:05  Zergling x6  
Tags
 
Add a new tag
Caveats
  • Supply blocks, unpowered buildings, or Contaminate may cause inaccurate times.
  • Supply counts are checked every 10 seconds.